 Dungeon Crawl Stone Soup version bcrawl-1.12-8-g964540c432 (webtiles) character file.

Game seed: 9508758739283562452

3065 MisterOstroum the Cleaver (level 9, -2/76 HPs)
             Began as a Demonspawn Archaeologist on June 5, 2019.
             Was an Initiate of Okawaru.
             Slain by a white ugly thing (19 damage)
             ... on level 8 of the Dungeon.
             The game lasted 00:17:13 (7799 turns).

MisterOstroum the Cleaver (DsAc)                    Turns: 7799, Time: 00:17:14

Health: -2/76      AC: 16    Str: 15    XL:     9   Next: 57%
Magic:  0/9        EV:  9    Int: 15    God:    Okawaru [......]
Gold:   509        SH:  0    Dex: 12    Spells: 8/8 levels left

rFire    . . .     SeeInvis .   a - +8 mithril axe "Arga" {speed, MR+}
rCold    . . .     Gourm    .   (no shield)
rNeg     . . .     Faith    .   B - +1 chain mail {MR+}
rPois    .         Spirit   +   v - +1 hat
rElec    .         Reflect  .   x - +1 cloak
rCorr    .         Harm     .   d - +1 pair of gloves
MR       ++...                  c - +1 pair of boots
Stlth    +.........             (no amulet)
HPRegen  0.22/turn              (no ring)
MPRegen  0.11/turn              (no ring)

@: no status effects
A: magic shield, rot immunity, sturdy frame 2
a: Renounce Religion


You were on level 8 of the Dungeon.
You worshipped Okawaru.
Okawaru was noncommittal.
You were not hungry.

You visited 2 branches of the dungeon, and saw 9 of its levels.

You collected 509 gold pieces.

Inventory:

Hand Weapons
 a - the +8 mithril axe "Arga" (weapon) {speed, MR+} Attacks with this weapon are significantly faster. It affects your resistance to hostile enchantments.
 b - a +0 hunting sling
Missiles
 h - 921 stones (quivered)
Armour
 c - a +1 pair of boots (worn)
 d - a +1 pair of gloves (worn)
 v - a +1 hat (worn)
 x - a +1 cloak (worn)
 B - a +1 chain mail of magic resistance (worn)
Jewellery
 F - an uncursed ring of flight
Wands
 s - a wand of acid (7)
 C - a wand of polymorph (7)
 D - a wand of random effects (12)
 E - a wand of iceblast (10)
Scrolls
 j - 6 scrolls of remove curse {unknown}
 k - 2 scrolls of magic mapping {unknown}
 m - a scroll of enchant weapon {unknown}
 o - 2 scrolls of identify {@r1}
 p - 4 scrolls of teleportation {@r3 !r}
 y - a scroll of fear {unknown}
Potions
 f - a potion of might {@q3 !q}
 i - 5 potions of agility {@q5 !q}
 l - a potion of invisibility
 n - 4 potions of curing {@q1 !q}
 q - a potion of brilliance
 t - 4 potions of flight
 u - a potion of cancellation {unknown}
 w - a potion of magic {unknown}
 z - a potion of mutation {unknown}
 A - 2 potions of heal wounds {@q2 !q}
Comestibles
 e - 11 rations {!d}
 g - 7 chunks of flesh


   Skills:
 + Level 9.0 Fighting
 + Level 10.2 Axes
 - Level 2.6 Dodging
 - Level 3.0 Stealth


You had 8 spell levels left.
You didn't know any spells.
Your spell library contained the following spells:

 Spells                   Type           Power        Failure   Level  Hunger
 Freeze                   Ice            #...         83%         1    ##.....
 Throw Frost              Conj/Ice       #.....       92%         2    ###....
 Ozocubu's Armour         Chrm/Ice       #.......     99%         3    ####...
 Summon Ice Beast         Ice/Summ       #.......     100%        4    #####..
 Throw Icicle             Conj/Ice       #.......     100%        4    #####..


Dungeon Overview and Level Annotations

Branches:
Dungeon (8/12)             Temple (1/1) D:7
   Lair: D:7-10         Orc: D:8-11

Altars:
Ashenzari
Cheibriados
Dithmenos
Elyvilon
Fedhas
Gozag
Hepliaklqana
Kikubaaqudgha
Lugonu
Makhleb
Nemelex Xobeh
Okawaru
Qazlal
Ru
Sif Muna
Trog
Uskayaw
Vehumet
Wu Jian
Xom
Yredelemnul
Zin
The Shining One


Innate Abilities, Weirdness & Mutations

When hurt, damage is shared between your health and your magic reserves.
You are immune to rotting.
Your movements are less encumbered by armour. (ER -4)


Message History

The stone hits the orc wizard but does no damage.
An orc comes into view. It is wielding a +2 dagger of speed.
The orc shouts!
The orc wizard hits you but does no damage.
Your chain mail prevents you from hitting the orc wizard.
The orc wizard casts a spell at you. The puff of flame hits you!
You closely miss the orc wizard.
The orc wizard hits you but does no damage.
You slash the orc wizard!
The orc wizard is almost dead.
The orc wizard hits you but does no damage.
You slice the orc wizard!!
You kill the orc wizard!
Okawaru accepts your kill.
Throwing (i - inventory)
h - 924 stones (quivered)
Press: ? - help, Shift-Dir - straight line, f - orc
Aim: an orc, wielding a +2 dagger of speed You throw a stone.
The stone hits the orc.
The orc is moderately wounded.
An orc comes into view. It is wielding a +0 dagger.
The orc shouts!
You hit the orc.
The orc is severely wounded.
The orc hits you with a +2 dagger of speed.
You slash the orc!
You kill the orc!
Okawaru accepts your kill.
Throwing (i - inventory)
h - 923 stones (quivered)
Press: ? - help, Shift-Dir - straight line, f - orc
Aim: an orc, wielding a +0 dagger You throw a stone.
The stone hits the orc but does no damage.
Things that are here:
a +2 dagger of speed; an orc corpse You slash the orc!
You kill the orc!
Okawaru accepts your kill.
No target in view!
Found a stone staircase leading down.
Things that are here:
a +0 dagger; an orc corpse
Things that are here:
a +0 dagger; an orc corpse You butcher the orc corpse.
g - a chunk of flesh
Things that are here:
a +0 dagger; an orc skeleton
Things that are here:
a +2 dagger of speed; an orc corpse You butcher the orc corpse.
g - 5 chunks of flesh (gained 4)
Things that are here:
a +2 dagger of speed; an orc skeleton
Things that are here:
a +0 dagger; a +0 robe; an orc corpse You butcher the orc corpse.
g - 6 chunks of flesh (gained 1)
Things that are here:
a +0 dagger; a +0 robe; an orc skeleton Eating one of 6 chunks of flesh.
You eat one of the 6 chunks of flesh.
This raw flesh tastes terrible.
You butcher the ogre corpse.
g - 7 chunks of flesh (gained 2)
Things that are here:
a +0 giant club; an ogre skeleton
Things that are here:
a +0 giant club; an ogre skeleton
p - 4 scrolls of teleportation {@r3 !r} (gained 1)
Found a stone staircase leading down.
Found a robe.
A white ugly thing comes into view.
The white ugly thing gurgles horribly!
Found 13 gold pieces.
A white ugly thing is nearby!
Throwing (i - inventory)
h - 922 stones (quivered)
Press: ? - help, Shift-Dir - straight line, f - white ugly thing
Aim: a white ugly thing You throw a stone.
The stone hits the white ugly thing but does no damage.
Press: ? - help, v - describe, . - travel
Here: a white ugly thing The floor.
You hit the white ugly thing.
The white ugly thing is lightly wounded.
The white ugly thing stings you but does no damage.
You slash the white ugly thing!
The white ugly thing is moderately wounded.
The white ugly thing stings you. The white ugly thing freezes you!
You hit the white ugly thing but do no damage.
The white ugly thing is moderately wounded.
You slash the white ugly thing!
The white ugly thing is heavily wounded.
The white ugly thing stings you. The white ugly thing freezes you!!
You slash the white ugly thing!
The white ugly thing is heavily wounded.
The white ugly thing stings you!
* * * LOW HITPOINT WARNING * * *
The white ugly thing freezes you!!
You die...

#.###.###.###.#...##.
#.###...>.#####
#.##........# #
#.##........####..#
#.................#
####.........######
.######.........#
......>.....u...#
..>.......##@##)#
#########.##.##)#
####.....).#
#............#
#.######..)### ##<##
#.# #.# #.#


You could see a white ugly thing.

Vanquished Creatures
  Sigmund (D:6)
  An orc warrior (D:6)
  2 sky beasts
  4 ogres
  A phantom (D:7)
  2 crocodiles
  Blork the orc (D:6)
  3 bullfrogs
  3 scorpions (D:7)
  5 killer bees (D:5)
  3 vampire bats (D:6)
  2 howler monkeys (D:4)
  2 crimson imps
  2 orc priests (D:7)
  A bullfrog zombie (D:6)
  3 gnoll shamans (D:5)
  2 orc wizards
  2 jellies
  Jessica (D:2)
  4 worker ants
  Terence (D:3)
  An iguana (D:5)
  A hound zombie (D:7)
  54 gnolls
  6 adders
  An ooze (D:6)
  An adder skeleton (D:4)
  An adder zombie (D:5)
  3 worms
  2 dart slugs (D:2)
  3 leopard geckos
  11 orcs
  2 ball pythons
  11 bats
  4 giant cockroaches
  A goblin (D:2)
  3 hobgoblins
  14 jackals (D:5)
  A quokka (D:2)
  2 frilled lizards
  A jackal zombie (D:7)
  7 kobolds
  A quokka zombie (D:6)
  6 rats
183 creatures vanquished.

Notes
Turn   | Place    | Note
-------+----------+-------------------------------------------
     0 | D:1      | MisterOstroum the Demonspawn Archaeologist began the quest
                  | for the Orb.
     0 | D:1      | Reached XP level 1. HP: 15/15 MP: 1/1
   397 | D:1      | Gained mutation: You are immune to rotting. [demonic
                  | ancestry]
   397 | D:1      | Reached XP level 2. HP: 17/22 MP: 2/2
  1316 | D:2      | Found a white marble altar of Elyvilon.
  1375 | D:2      | Reached XP level 3. HP: 19/29 MP: 3/3
  1541 | D:2      | Noticed Jessica
  1650 | D:2      | Reached skill level 1 in Axes
  1774 | D:2      | Reached skill level 2 in Axes
  2116 | D:2      | Found a glowing golden altar of the Shining One.
  2148 | D:2      | Killed Jessica
  2148 | D:2      | Reached skill level 3 in Axes
  2148 | D:2      | Gained mutation: Your movements are slightly less
                  | encumbered by armour. (ER -2) [demonic ancestry]
  2148 | D:2      | Reached XP level 4. HP: 35/35 MP: 4/4
  2507 | D:3      | Noticed Terence
  2537 | D:3      | Killed Terence
  2537 | D:3      | Reached skill level 4 in Axes
  2599 | D:3      | Found a hide-covered altar of Uskayaw.
  2847 | D:4      | Reached XP level 5. HP: 25/41 MP: 5/5
  2855 | D:4      | Reached skill level 5 in Axes
  3242 | D:4      | Reached skill level 6 in Axes
  3296 | D:4      | Gained mutation: When hurt, damage is shared between your
                  | health and your magic reserves. [demonic ancestry]
  3296 | D:4      | Reached XP level 6. HP: 24/47 MP: 6/6
  3663 | D:5      | Entered Level 5 of the Dungeon
  3705 | D:5      | Reached skill level 7 in Axes
  3721 | D:5      | Reached XP level 7. HP: 12/54 MP: 3/7
  4309 | D:5      | Found a shadowy altar of Dithmenos.
  4842 | D:5      | Reached skill level 5 in Fighting
  5093 | D:5      | Reached skill level 8 in Axes
  5093 | D:5      | Gained mutation: Your movements are less encumbered by
                  | armour. (ER -4) [demonic ancestry]
  5093 | D:5      | Reached XP level 8. HP: 64/64 MP: 8/8
  5673 | D:6      | Found a bloodstained altar of Trog.
  5693 | D:6      | Noticed Blork the orc
  5695 | D:6      | Killed Blork the orc
  5828 | D:6      | Noticed Sigmund
  5840 | D:6      | Killed Sigmund
  5840 | D:6      | Reached skill level 9 in Axes
  6137 | D:6      | Found an opulent altar of Gozag.
  6256 | D:6      | Found a sparkling altar of Nemelex Xobeh.
  6488 | D:6      | Reached XP level 9. HP: 73/73 MP: 9/9
  6725 | D:7      | Found a basalt altar of Yredelemnul.
  7097 | D:6      | Reached skill level 10 in Axes
  7322 | D:7      | Found a staircase to the Ecumenical Temple.
  7338 | Temple   | Entered the Ecumenical Temple
  7474 | Temple   | Became a worshipper of Warmaster Okawaru
  7778 | D:8      | Noticed a white ugly thing
  7799 | D:8      | Slain by a white ugly thing

Skill      XL: |  1  2  3  4  5  6  7  8  9 |
---------------+----------------------------+-----
Fighting       | 2 3 4 5 7 9 |  9.0
Axes           | 3 4 6 7 8 9 10 | 10.2
Dodging        | |  2.6
Stealth        | |  3.0

Action                   |  1- 3 |  4- 6 |  7- 9 || total
-------------------------+-------+-------+-------++-------
Melee: Unarmed           |    35 |       |       ||    35
       Whip              |    22 |       |       ||    22
       Short sword       |   111 |    72 |       ||   183
       Broad axe         |       |    38 |   305 ||   343
 Fire: Hunting sling     |       |    28 |     2 ||    30
Throw: Stone             |    92 |    18 |   171 ||   281
       Throwing net      |       |       |     1 ||     1
Evoke: Wand              |       |       |     1 ||     1
  Use: Scroll            |       |     9 |     4 ||    13
 Stab: Sleeping          |     4 |       |       ||     4
       Held in net/web   |       |       |     2 ||     2
  Eat: Chunk             |     4 |     4 |    14 ||    22
Armor: Robe              |    46 |     3 |       ||    49
       Scale mail        |       |    13 |       ||    13
       Chain mail        |       |    30 |   144 ||   174
Dodge: Dodged            |    91 |    41 |    93 ||   225
